AoeStats
← NDF

MegaRandom

504882664Analyzed
2v2 RM · 26d ago on Sep 6, 2026· 79m 45s· 4 players
Game mode
Random Map
Map size
Medium (4 player)
Population
200
Speed
Normal
Resources
Standard
Victory
Conquest
Starting age
Dark Age
Ending age
Imperial Age
RankedLock teamsTeams togetherTeam positionsShared explorationLock speedFull tech treeHidden civsTurbo modeCheats
Victory
Defeat
🇨🇱 Huns · Chile
804
+11
🇨🇴 Franks · Colombia
753
+13
🇦🇷 Mongols · Argentina
687
-12
🇦🇷 Spanish · Argentina
686
-12
Dragonhell0106
10:42 Feudal Age
8:59 Loom
12:41 Double-Bit Axe
23:18 Castle Age
22:49 Fletching
23:01 Padded Archer Armor
23:04 Gold Mining
24:49 Crossbowman
27:03 Bodkin Arrow
31:38 Wheelbarrow
31:53 Scale Barding Armor
33:09 Husbandry
35:09 Forging
37:27 Chain Barding Armor
37:44 Iron Casting
39:16 Gold Shaft Mining
45:27 Imperial Age
49:38 Elite Throwing Axeman
53:12 #83
56:48 Leather Archer Armor
59:54 Chemistry
59:03 Arson
59:19 Squires
62:26 Scale Mail Armor
63:27 Blast Furnace
67:49 Chain Mail Armor
69:11 Conscription
68:21 Cavalier
71:00 Plate Mail Armor
71:08 Plate Barding Armor
Kodetol
11:28 Feudal Age
12:04 Double-Bit Axe
22:19 Castle Age
24:59 Padded Archer Armor
24:49 Fletching
41:07 Imperial Age
42:01 Pikeman
43:09 Murder Holes
50:32 Bodkin Arrow
78:24 Ballistics
NDF
10:43 Feudal Age
9:02 Loom
28:22 Castle Age
36:06 Double-Bit Axe
36:06 Horse Collar
37:26 Arson
37:42 Squires
37:02 Pikeman
39:47 Gold Mining
41:42 Town Watch
44:10 Masonry
58:05 Stone Mining
70:40 Stone Shaft Mining
77:40 Imperial Age
estebanpa
13:10 Feudal Age
11:29 Loom
13:54 Horse Collar
14:16 Double-Bit Axe
15:47 Wheelbarrow
14:50 Man-at-Arms
21:36 Castle Age
20:46 Scale Barding Armor
21:38 Stone Mining
21:59 Scale Mail Armor
22:13 Bloodlines
22:16 Gold Mining
23:37 Husbandry
24:03 Chain Barding Armor
24:12 Bow Saw
24:14 Heavy Plow
32:21 Stone Shaft Mining
34:36 Squires
33:57 Pikeman
38:09 Chain Mail Armor
38:28 Murder Holes
42:27 Forging
46:25 Imperial Age
44:15 Arson
44:56 Inquisition
47:53 Plate Barding Armor
47:49 Plate Mail Armor
47:55 Iron Casting
47:05 Halberdier
69:02 Redemption
69:08 Block Printing
69:19 Illumination
69:09 Fervor
70:13 Guard Tower
Connection lost

Rejoining the realm…

Still unreachable

The connection could not be restored.

Session expired

The server has moved on; the page needs a fresh start.